 Dungeon Crawl Stone Soup version 0.31-a0-844-gdc52ec4e09 (webtiles) character file.

Game seed: 16531074452852839370

2983 IdlyInterested the Fighter (level 9, -8/52 (78) HPs)
             Began as a Demonspawn Gladiator on Sept 28, 2023.
             Killed by divine providence
             ... invoked by Jeremiah
              (14 damage)
             ... on level 7 of the Dungeon.
             The game lasted 00:21:12 (6044 turns).

IdlyInterested the Fighter (Demonspawn Gladiator)   Turns: 6044, Time: 00:21:15

HP:   -8/52 (78)    AC: 15    Str: 25    XL:     9   Next: 53%
MP:   0/9           EV:  9    Int: 10    God:
Gold: 334           SH:  0    Dex: 14    Spells: 8/8 levels left

rFire   . . .        o - +2 broad axe
rCold   . . .        (no shield)
rNeg    . . .        f - +0 chain mail
rPois   .            B - +0 hat {Stlth+}
rElec   .            G - +1 cloak
rCorr   .            (no gloves)
SInv    .            s - +0 pair of boots
Will    .....        M - amulet of guardian spirit Stlth
                     u - +6 ring of strength
HPRegen 0.28/turn    (no ring)
MPRegen 0.11/turn

%: guardian spirit
@: mighty, very heavily drained
A: horns 1, slimy green scales 2, powered by pain 3
a: no special abilities


You were on level 7 of the Dungeon.
You visited 1 branch of the dungeon, and saw 7 of its levels.

You collected 334 gold pieces.

Inventory:

Hand Weapons
 c - a +0 war axe
 i - the +5 dire flail "Ihuomamn" {elec, *Corrode Int+5 Dex+2 SInv}
   (You took it off an ogre on level 3 of the Dungeon)

   Int+5:     It affects your intelligence (+5).
   Dex+2:     It affects your dexterity (+2).
   SInv:      It lets you see invisible.
   *Corrode:  It may corrode you when you take damage.
 o - a +2 broad axe (weapon)
 x - a +0 battleaxe
 E - a +0 hand axe
 H - a +0 morningstar
 I - a +2 whip of electrocution
 J - a +2 heavy hammer
Missiles
 d - 3 throwing nets
 e - a javelin
 h - 47 stones (quivered)
Armour
 f - a +0 chain mail (worn)
 m - a +0 kite shield
 s - a +0 pair of boots (worn)
 w - the orb "Omoeparr" {*channel, Rampage Int+4 Dex-4 SInv}
   (You found it on level 3 of the Dungeon)

   Int+4:     It affects your intelligence (+4).
   Dex-4:     It affects your dexterity (-4).
   SInv:      It lets you see invisible.
   Rampage:   It bestows one free step when moving towards enemies.
 B - a +0 hat of stealth (worn)
 G - a +1 cloak (worn)
Jewellery
 p - an amulet of faith
 u - a +6 ring of strength (left hand)
 M - an amulet of guardian spirit (around neck)
Wands
 A - a wand of iceblast (20)
Scrolls
 j - a scroll of immolation {unknown}
 k - a scroll of fear {unknown}
 l - a scroll of fog {unknown}
 q - a scroll of butterflies {unknown}
 t - a scroll of teleportation
 y - 2 scrolls of revelation
 K - a scroll of vulnerability
Potions
 a - a potion of ambrosia
 n - 3 potions of brilliance
 r - 2 potions of invisibility
 z - a potion of cancellation {unknown}
 C - a potion of mutation
 D - a potion of heal wounds
 F - 2 potions of curing
 L - a potion of haste


   Skills:
 * Level 10.0 Fighting
 - Level 3.0 Long Blades
 + Level 5.9 Axes
 - Level 2.0 Throwing
 - Level 3.0 Armour
 - Level 2.6 Dodging
 - Level 2.0 Stealth
 + Level 2.7 Shields
 - Level 2.0 Evocations


You had 8 spell levels left.
You didn't know any spells.
Your spell library contained the following spells:

 Spells                   Type           Power      Damage    Failure   Level
 Ensorcelled Hibernation  Hex/Ice        0%         N/A       97%         2
 Jinxbite                 Hex            0%         N/A       97%         2
 Anguish                  Hex/Necr       0%         N/A       100%        4


Dungeon Overview and Level Annotations

Branches:
Dungeon (7/15)
 Temple: D:4-7

Altars:
Hepliaklqana
Okawaru
Ru
Yredelemnul

Shops:
D:4 [

Annotations:
D:7 Jeremiah


Innate Abilities, Weirdness & Mutations

You have a pair of small horns on your head.
You are mostly covered in slimy green scales. (AC +3)
You are powered by pain.


Message History

You kill the butterfly!
The butterfly disappears in a burst of colours!
You slash the butterfly!
You kill the butterfly!
The butterfly disappears in a burst of colours!
Jeremiah hits you but does no damage.
You feel drained.
You miss the butterfly.
The butterfly disappears in a burst of colours!
Jeremiah hits you but does no damage.
You feel drained.
You slice the butterfly!!
You kill the butterfly!
The butterfly disappears in a burst of colours! x2
Jeremiah completely misses you.
You miss the butterfly. You headbutt the butterfly.
You kill the butterfly!
The butterfly disappears in a burst of colours!
Jeremiah hits you from afar with a +3 trident of draining.
* * * LOW HITPOINT WARNING * * *
You feel drained. Jeremiah hits you but does no damage.
You feel drained.
You slice the butterfly!!
You kill the butterfly!
The butterfly disappears in a burst of colours! x3
Jeremiah barely misses you.
The butterfly disappears in a burst of colours!
Jeremiah cries, "Fearful master, protect me!"
Something smites you!
* * * LOW HITPOINT WARNING * * *
The butterfly disappears in a burst of colours! x2
Blink to where?
Press: ? - help, Dir - move target
As you read the scroll labelled ZINEGRU INET, it crumbles to dust.
It was a scroll of blinking.
As you read the scroll labelled POHAHAMNECH, it crumbles to dust.
Your body is wracked with pain!
* * * LOW HITPOINT WARNING * * *
Jeremiah convulses!
It was a scroll of torment.
Jeremiah shouts, "O dreadful one, destroy my foe!"
Something smites you!
You die...
Jeremiah says, "O terrible one, your will is done."

#............^.###
#....F.###+###...#
#....bb# #.# #.#.#
###.#..###.###.#.#
#.b+.._..'.#.#
##.#######.#.#
#..# ### #.#.#
#..#######.#.#
#.@........#.#
#.#.##...###.#
#.#..........#
#.############
#$......#
#..####.# #..# #.#
#..# #.# #.#####.#


You could see Jeremiah.

Vanquished Creatures
  Pikel (D:5)
  An unseen horror (D:7)
  The ghost of tinfoiltophat the Magician, a novice DjIE of Ignis (D:4)
  Sigmund (D:5)
  A shadow (D:7)
  A water moccasin (D:5)
  An ice beast (D:6)
  3 ogres
  The ghost of Kurtz the Chopper, an amateur OpFi (D:4)
  Blork the orc (D:5)
  2 scorpions (D:5)
  4 killer bees (D:6)
  The ghost of hgbash the Digger, a weakling GrEE (D:3)
  3 hounds
  An orc priest (D:4)
  5 jellies
  Crazy Yiuf (D:5)
  2 sleepcaps (D:5)
  2 iguanas (D:5)
  Terence (D:2)
  A gnoll bouda (D:4)
  3 orc wizards
  A hound zombie (D:4)
  A hound skeleton (D:2)
  3 adders
  6 gnolls
  A white imp (D:7)
  2 adder zombies
  3 dart slugs
  15 orcs
  3 ball pythons
  7 endoplasms
  A giant cockroach (D:2)
  9 goblins
  4 hobgoblins (D:4)
  2 jackals (D:4)
  A quokka (D:1)
  2 ball python zombies (D:2)
  6 bats
  A frilled lizard (D:3)
  A giant cockroach zombie (D:2)
  3 kobolds
  5 rats
115 creatures vanquished.

Notes
Turn   | Place    | Note
-------+----------+-------------------------------------------
     0 | D:1      | IdlyInterested the Demonspawn Gladiator began the quest for
                  | the Orb.
     0 | D:1      | Reached XP level 1. HP: 16/16 MP: 1/1
    86 | D:1      | Found a faded altar of an unknown god.
   226 | D:1      | Gained mutation: You sometimes gain a little power by
                  | taking damage. [demonic ancestry]
   226 | D:1      | Reached XP level 2. HP: 23/23 MP: 2/2
   577 | D:1      | Gained mutation: You have a pair of small horns on your
                  | head. [demonic ancestry]
   577 | D:1      | Reached XP level 3. HP: 28/28 MP: 3/3
   680 | D:1      | Reached skill level 3 in Fighting
  1040 | D:2      | Reached skill level 1 in Armour
  1265 | D:2      | Noticed Terence
  1279 | D:2      | Killed Terence
  1280 | D:2      | Reached XP level 4. HP: 28/35 MP: 4/4
  1381 | D:2      | Reached skill level 1 in Axes
  1531 | D:3      | Found a transporter.
  1531 | D:3      | Identified the +5 dire flail "Ihuomamn" {elec, *Corrode
                  | Int+5 Dex+2 SInv}
  1531 | D:3      | Noticed an ogre
  1532 | D:3      | Noticed hgbash's ghost (weakling GrEE)
  1538 | D:3      | Found a transporter.
  1634 | D:3      | Identified the orb "Omoeparr" {*channel, Rampage Int+4
                  | Dex-4 SInv}
  1919 | D:3      | Reached skill level 1 in Stealth
  2298 | D:3      | Found a sacrificial altar of Ru.
  2410 | D:3      | Killed an ogre
  2411 | D:3      | Reached skill level 4 in Fighting
  2411 | D:3      | Reached skill level 1 in Shields
  2411 | D:3      | Gained mutation: You are partially covered in slimy green
                  | scales. (AC +2) [demonic ancestry]
  2411 | D:3      | Reached XP level 5. HP: 17/43 MP: 1/5
  2412 | D:3      | HP: 1/43 [hgbash's ghost (17)]
  2419 | D:3      | Killed hgbash's ghost
  2641 | D:4      | Gained mutation: You are mostly covered in slimy green
                  | scales. (AC +3) [demonic ancestry]
  2641 | D:4      | Reached XP level 6. HP: 24/49 MP: 4/6
  2644 | D:4      | Reached skill level 1 in Evocations
  2790 | D:4      | Found Yrchol's Antique Armour Emporium.
  2807 | D:4      | Reached skill level 5 in Fighting
  3157 | D:4      | Found a basalt altar of Yredelemnul.
  3199 | D:4      | Gained mutation: You sometimes gain power by taking damage.
                  | [demonic ancestry]
  3199 | D:4      | Reached XP level 7. HP: 56/56 MP: 7/7
  3265 | D:4      | Found a runed translucent gate.
  3265 | D:4      | Found a runed translucent gate.
  3265 | D:4      | Found a runed translucent gate.
  3269 | D:4      | Noticed Kurtz's ghost (amateur OpFi)
  3269 | D:4      | Noticed tinfoiltophat's ghost (novice DjIE)
  3635 | D:4      | Killed tinfoiltophat's ghost
  3636 | D:4      | Reached skill level 6 in Fighting
  3641 | D:4      | Killed Kurtz's ghost
  3809 | D:5      | Entered Level 5 of the Dungeon
  3834 | D:5      | Noticed Pikel
  3853 | D:5      | Killed Pikel
  3854 | D:5      | Reached skill level 8 in Fighting
  3854 | D:5      | Reached XP level 8. HP: 40/68 MP: 4/8
  4124 | D:5      | Noticed Sigmund
  4133 | D:5      | Killed Sigmund
  4134 | D:5      | Reached skill level 5 in Axes
  4541 | D:5      | Noticed Blork the orc
  4542 | D:5      | Gained mutation: You are powered by pain. [demonic
                  | ancestry]
  4542 | D:5      | Reached XP level 9. HP: 74/75 MP: 9/9
  4551 | D:5      | Killed Blork the orc
  4552 | D:5      | Reached skill level 9 in Fighting
  4813 | D:5      | Found a runed translucent door.
  4814 | D:5      | Noticed Crazy Yiuf
  4819 | D:5      | Killed Crazy Yiuf
  5683 | D:7      | Found a hazy altar of Hepliaklqana.
  5683 | D:7      | Noticed an unseen horror
  5690 | D:7      | Killed an unseen horror
  5854 | D:7      | Reached skill level 10 in Fighting
  5943 | D:7      | Found an iron altar of Okawaru.
  5966 | D:7      | Noticed Jeremiah
  6044 | D:7      | Killed from afar by Jeremiah

Illustrated notes

Levels and vault maps discovered:
D:1:      dpeg_arrival_windows_large_door, layout_loops_ring,
          hellmonk_ecumenical_altar_heavens_door
D:2:      layout_rooms, serial_undead, serial_undead_f, serial_undead_f,
          serial_undead_c, serial_undead_a, serial_undead_d, uniq_terence
D:3:      layout_basic, mainiacjoe_overflow_alcove_4, gammafunk_ghost_smash
D:4:      layout_basic, lemuel_zombie_altar_yredelemnul, serial_shops, shop,
          gammafunk_ghost_cemetery
D:5:      layout_loops_ring, uniq_blork_the_orc, uniq_pikel,
          uniq_crazy_yiuf_cottage, uniq_sigmund
D:6:      layout_cave_pools, kennysheep_mini
D:7:      layout_basic, gammafunk_temple_overflow_wave,
          makhleb_blood_cavern_becter, lemuel_doored_altar,
          minmay_temple_entry_antechambers, dreamdust_mushroom_princess,
          hangedman_feature_mirror, hex_medium, uniq_jeremiah, uniq_duvessa

Skill      XL: |  1  2  3  4  5  6  7  8  9 |
---------------+----------------------------+-----
Throwing       | 2 |  2.0
Long Blades    | 3 |  3.0
Fighting       | 3 4 5 8 10 | 10.0
Armour         | 1 2 3 |  3.0
Axes           | 1 2 4 5 |  5.9
Stealth        | 1 2 |  2.0
Shields        | 1 2 |  2.7
Evocations     | 1 2 |  2.0
Dodging        | |  2.6

Action                     |  1- 3 |  4- 6 |  7- 9 || total
---------------------------+-------+-------+-------++-------
  Melee: Long sword        |    90 |       |       ||    90
         Headbutt          |     8 |    13 |    33 ||    54
         Broad axe         |     7 |    50 |    23 ||    80
         War axe           |       |    17 |       ||    17
         Dire flail        |       |    20 |   199 ||   219
  Throw: Stone             |     2 |     4 |       ||     6
    Use: Potion            |     1 |     4 |     2 ||     7
         Scroll            |       |     1 |    11 ||    12
 Armour: Chain mail        |    85 |    90 |   151 ||   326
  Dodge: Dodged            |    40 |    59 |    96 ||   195

Table legend: (Time is in decaauts)
 A = Elapsed time spent in this place.
 B = Non-inter-level travel time spent in this place.
 C = Inter-level travel time spent in this place.
 D = Time resting spent in this place.
 E = Time spent auto-exploring this place.
 F = Levels seen in this place.
 G = Mean time per level.
                   A        B        C        D        E       F      G
               +--------+--------+--------+--------+--------+-----+--------+
         Total |   6106 |   5252 |    854 |    740 |   3016 |   7 |  872.3 |
       Dungeon |   6106 |   5252 |    854 |    740 |   3016 |   7 |  872.3 |
               +--------+--------+--------+--------+--------+-----+--------+

Top non-repeatable levels by time:
     D:4: 1260 daAuts
     D:3: 1153 daAuts
     D:5: 1011 daAuts
     D:1: 921 daAuts
     D:6: 757 daAuts
     D:2: 662 daAuts
     D:7: 340 daAuts
